 Dungeon Crawl Stone Soup version 0.28-a0-957-g42eb19b844 (webtiles) character file.

Game seed: 5395755767963476290

3420 ryw the Cutter (level 10, 0/74 HPs)
             Began as a Human Brigand on Nov 30, 2021.
             Was a Believer of Dithmenos.
             Slain by a shadow (10 damage)
             ... on level 9 of the Dungeon.
             The game lasted 00:23:21 (11840 turns).

ryw the Cutter (Human Brigand)                     Turns: 11840, Time: 00:23:22

Health: 0/74       AC: 12    Str: 12    XL:     10   Next: 25%
Magic:  19/19      EV: 14    Int: 13    God:    Dithmenos [**....]
Gold:   428        SH:  5    Dex: 17    Spells: 7/9 levels left

rFire   + . .      SeeInvis .   w - +2 dagger (venom)
rCold   . . .      Faith    .   g - +0 buckler {AC+3}
rNeg    . . .      Spirit   .   C - +1 robe {rF+}
rPois   +          Reflect  .   m - +0 helmet
rElec   .          Harm     .   f - +0 cloak
rCorr   .          Rampage  .   B - +1 pair of gloves
Will    .....                   r - +1 pair of boots
Stlth   ++++......              k - amulet of magic regeneration
HPRegen 0.22/turn               x - ring of poison resistance
MPRegen 0.56/turn               s - ring of magical power

@: about to teleport, wreathed by umbra
A: no striking features
a: Renounce Religion, Shadow Step


You were on level 9 of the Dungeon.
You worshipped Dithmenos.
Dithmenos was pleased with you.
You visited 2 branches of the dungeon, and saw 10 of its levels.

You collected 428 gold pieces.

Inventory:

Hand Weapons
 o - a +3 dagger
 w - a +2 dagger of venom (weapon)
Missiles
 d - 64 poisoned darts (quivered)
 e - 3 curare-tipped darts
Armour
 f - a +0 cloak (worn)
 g - a +0 buckler of protection (worn)
 m - a +0 helmet (worn)
 r - a +1 pair of boots (worn)
 B - a +1 pair of gloves (worn)
 C - a +1 robe of fire resistance (worn)
Jewellery
 k - an amulet of magic regeneration (around neck)
 s - a ring of magical power (right hand)
 x - a ring of poison resistance (left hand)
Wands
 c - a wand of iceblast (10)
 h - a wand of acid (4)
 u - a wand of flame (11)
Scrolls
 j - a scroll of identify
 l - a scroll of summoning
 p - a scroll of immolation
 q - 2 scrolls of magic mapping
 v - a scroll of blinking
 y - 3 scrolls of teleportation
Potions
 b - a potion of mutation {unknown}
 n - 2 potions of haste
 t - 6 potions of curing
 z - a potion of lignification
 A - a potion of magic


   Skills:
 + Level 5.5 Fighting
 * Level 7.8 Short Blades
 + Level 5.6 Throwing
 + Level 5.2 Dodging
 + Level 6.9 Stealth
 + Level 4.8 Shields
 + Level 0.4 Spellcasting
 * Level 0.8 Hexes


You had 7 spell levels left.
You knew the following spells:

 Your Spells              Type           Power      Damage    Failure   Level
a - Ensorcelled Hibernat  Hex/Ice        2%         N/A       36%         2

Your spell library contained the following spells:

 Spells                   Type           Power      Damage    Failure   Level
 Magic Dart               Conj           0%         1d3       30%         1
 Call Imp                 Summ           0%         N/A       41%         2
 Static Discharge         Conj/Air       0%         N/A       41%         2
 Tukima's Dance           Hex            2%         N/A       54%         3
 Mephitic Cloud           Conj/Pois/Air  0%         N/A       65%         3
 Lightning Bolt           Conj/Air       0%         1d11      100%        5
 Conjure Ball Lightning   Conj/Air       0%         3x3d6     100%        6
 Discord                  Hex            1%         N/A       100%        8
 Disjunction              Tloc           0%         N/A       100%        8
 Maxwell's Capacitive Co  Air            0%         ∞         100%        8


Dungeon Overview and Level Annotations

Branches:
Dungeon (9/15)             Temple (1/1) D:4
   Lair: D:8-11         Orc: D:9-12

Altars:
Ashenzari
Cheibriados
Dithmenos
Elyvilon
Fedhas
Gozag
Hepliaklqana
Makhleb
Qazlal
Ru
Sif Muna
Trog
Uskayaw
Vehumet
Wu Jian
Xom
Zin

Shops:
D:6 =

Annotations:
D:9 Prince Ribbit


Message History

You hit the bullfrog.
You kill the bullfrog!
Dithmenos accepts your kill.
No target in view!
No target in view!
No target in view!
No target in view!
You miss something. You closely miss something.
The shadow strikes at you from the darkness!
Reactivating autopickup.
You hit the shadow but do no damage. The shadow hits you!
You hit the shadow.
The shadow is lightly damaged.
You hit the shadow but do no damage.
The shadow is lightly damaged.
The shadow barely misses you.
You closely miss the shadow.
The shadow is lightly damaged.
You barely miss the shadow.
The shadow is lightly damaged.
The shadow closely misses you.
You hit the shadow but do no damage.
The shadow is lightly damaged.
The shadow hits you.
You hit the shadow but do no damage.
The shadow is lightly damaged.
You hit the shadow but do no damage.
The shadow is lightly damaged.
The shadow slips into darkness.
The shadow flickers and vanishes!
Deactivating autopickup; reactivate with Ctrl-A.
You hit something but do no damage.
The shadow strikes at you from the darkness!
* * * LOW HITPOINT WARNING * * *
Reactivating autopickup.
Unknown command.
As you read the scroll of teleportation, it crumbles to dust.
You feel strangely unstable. The shadow hits you!
You die...

..............# ..
#.............#. . ..
#............... #.##.###
#................#.......
#................#.##..##
#......../. ........
###.##..=.. #.......
#W####### #..#.#.#
.######@...######..#.#.#
........................
..######...######..#.##.
.....................##.
..............).#..#.##.
#.#########.....#..#.###
#....(#..#....
.......#..##### ..
#......#..#####


You could see a shadow.

Vanquished Creatures
  Pikel (D:7)
  Joseph (D:8)
  Menkaure (D:5)
  2 water moccasins
  An orc warrior (D:8)
  A sky beast (D:7)
  A black bear (D:7)
  A necrophage (D:4)
  2 centaurs
  A lemure (D:8)
  5 kobold brigands
  3 bullfrogs
  2 wyvern zombies
  A scorpion (D:6)
  A water moccasin skeleton (D:5)
  8 wights
  A centaur zombie (D:5)
  A bullfrog zombie (D:7)
  A jelly (D:6)
  A hound (D:5)
  A bullfrog skeleton (D:6)
  3 orc priests (D:7)
  3 centaur skeletons
  3 iguanas
  2 orc wizards
  A hound skeleton (D:4)
  A howler monkey zombie (D:7)
  4 gnolls (D:4)
  7 adders
  2 shadow imps
  A white imp (D:6)
  3 dart slugs
  22 orcs
  7 ball pythons
  7 endoplasms
  4 giant cockroaches
  A hobgoblin (D:2)
  7 quokkas
  A bat (D:2)
  5 frilled lizards
  7 goblins
  19 kobolds
  6 rats
153 creatures vanquished.

Notes
Turn   | Place    | Note
-------+----------+-------------------------------------------
     0 | D:1      | ryw the Human Brigand began the quest for the Orb.
     0 | D:1      | Reached XP level 1. HP: 16/16 MP: 1/1
    50 | D:1      | Found a faded altar of an unknown god.
   357 | D:1      | Reached XP level 2. HP: 22/22 MP: 2/2
  1014 | D:2      | Reached XP level 3. HP: 22/27 MP: 3/3
  1794 | D:2      | Identified a scroll of acquirement
  1794 | D:2      | Acquired a +0 buckler of protection
  1915 | D:3      | Reached XP level 4. HP: 26/34 MP: 4/4
  2030 | D:3      | Found a broken altar of Ashenzari.
  2104 | D:3      | Reached skill level 3 in Short Blades
  2278 | D:3      | Found a stormy altar of Qazlal.
  2512 | D:4      | Noticed a kobold brigand
  2540 | D:4      | Killed a kobold brigand
  2541 | D:4      | Reached XP level 5. HP: 27/40 MP: 5/5
  2676 | D:4      | Reached skill level 1 in Shields
  2765 | D:4      | Reached XP level 6. HP: 35/46 MP: 6/6
  3120 | D:4      | Found a staircase to the Ecumenical Temple.
  3199 | Temple   | Entered the Ecumenical Temple
  3384 | Temple   | Became a worshipper of Dithmenos the Shadowed
  3900 | D:4      | Noticed a necrophage
  3930 | D:4      | Killed a necrophage
  3931 | D:4      | Reached skill level 4 in Short Blades
  3931 | D:4      | Reached XP level 7. HP: 47/52 MP: 7/7
  4250 | D:5      | Entered Level 5 of the Dungeon
  4393 | D:5      | Reached skill level 5 in Stealth
  4881 | D:5      | Noticed a water moccasin
  4916 | D:5      | Killed a water moccasin
  5560 | D:5      | Reached XP level 8. HP: 60/60 MP: 8/8
  5572 | D:5      | Noticed Menkaure
  5592 | D:5      | Killed Menkaure
  5593 | D:5      | Reached skill level 5 in Short Blades
  6771 | D:6      | Found Zotsyithro's Jewellery Boutique.
  7397 | D:7      | Found the +8 orange crystal plate armour {Archmagi, Int+3
                  | Clar}
  7855 | D:7      | Found a shimmering blue altar of Sif Muna.
  8179 | D:7      | Reached XP level 9. HP: 58/66 MP: 9/9
  8381 | D:7      | Reached skill level 6 in Short Blades
  8858 | D:8      | Noticed Joseph
  9318 | D:8      | Killed Joseph
  9340 | D:8      | Reached * piety under Dithmenos
  9580 | D:8      | Found a hide-covered altar of Uskayaw.
  9667 | D:8      | Noticed Pikel
 10083 | D:7      | Killed Pikel
 10084 | D:7      | Reached skill level 5 in Fighting
 10084 | D:7      | Reached skill level 7 in Short Blades
 10084 | D:7      | Reached skill level 5 in Throwing
 10409 | D:8      | Reached XP level 10. HP: 44/69 MP: 10/10
 10992 | D:9      | Noticed Prince Ribbit
 11309 | D:8      | Reached skill level 5 in Dodging
 11702 | D:9      | Reached ** piety under Dithmenos
 11723 | D:9      | Learned a level 2 spell: Ensorcelled Hibernation
 11840 | D:9      | Slain by a shadow

Illustrated notes

Levels and vault maps discovered:
D:1:      lemuel_arrival_muddy, layout_basic, basic_ecumenical_altar,
          minmay_pentomino_v4
D:2:      layout_loops_ring, st_stairs_13
D:3:      layout_loops_ring, mainiacjoe_overflow_chevrons,
          mainiacjoe_overflow_cross_hatched, serial_glass, glass_columns_b,
          glass_columns_b, minmay_strange_pillars, feat_on_display,
          feat_on_display
D:4:      layout_basic, minmay_temple_entry_stoned_glass,
          hangedman_decor_peaks_small, chequers_arboretum
D:5:      layout_layer_cave, uniq_menkaure
D:6:      layout_cave_pods, serial_shops, shop
D:7:      layout_basic, led_sif_book
D:8:      layout_rooms, general_overflow_altar, uniq_joseph, uniq_pikel
D:9:      layout_basic, orc_0_dummy, uniq_prince_ribbit1
Temple:   eino_temple_rhombus

Skill      XL: |  1  2  3  4  5  6  7  8  9 10 |
---------------+-------------------------------+-----
Short Blades   | 3 4 5 7 |  7.8
Dodging        | 2 3 4 5 |  5.2
Shields        | 1 2 3 4 |  4.8
Fighting       | 3 4 5 |  5.5
Throwing       | 3 4 5 |  5.6
Stealth        | 5 6 |  6.9
Spellcasting   | |  0.4
Hexes          | |  0.8

Action                   |  1- 3 |  4- 6 |  7- 9 | 10-12 || total
-------------------------+-------+-------+-------+-------++-------
Melee: Dagger            |    75 |   153 |   588 |   184 ||  1000
Throw: Dart              |     4 |    32 |    16 |     9 ||    61
Evoke: Wand              |       |       |     4 |       ||     4
  Use: Scroll            |     1 |       |    11 |     3 ||    15
       Potion            |       |       |    10 |       ||    10
 Stab: Sleeping          |    12 |     4 |    10 |     1 ||    27
       Distracted        |       |     1 |       |     1 ||     2
Armor: Robe              |    12 |    45 |   133 |    32 ||   222
       Skin              |       |       |    13 |       ||    13
Dodge: Dodged            |    33 |    77 |   256 |    83 ||   449
Block: Buckler           |     2 |    24 |   107 |    25 ||   158

Table legend: (Time is in decaauts)
 A = Elapsed time spent in this place.
 B = Non-inter-level travel time spent in this place.
 C = Inter-level travel time spent in this place.
 D = Time resting spent in this place.
 E = Time spent auto-exploring this place.
 F = Levels seen in this place.
 G = Mean time per level.
                   A        B        C        D        E       F      G
               +--------+--------+--------+--------+--------+-----+--------+
         Total |  11585 |  11271 |    314 |   2989 |   6220 |  10 | 1158.5 |
       Dungeon |  11343 |  11040 |    303 |   2989 |   6007 |   9 | 1260.3 |
        Temple |    242 |    231 |     11 |      0 |    213 |   1 |  242.0 |
               +--------+--------+--------+--------+--------+-----+--------+

Top non-repeatable levels by time:
     D:7: 2583 daAuts
     D:5: 1802 daAuts
     D:4: 1495 daAuts
     D:8: 1415 daAuts
     D:6: 1294 daAuts
     D:1: 987 daAuts
     D:2: 823 daAuts
     D:3: 671 daAuts
     D:9: 268 daAuts
  Temple: 242 daAuts
